 Dungeon Crawl Stone Soup version 0.24-a0-778-g74da537585 (webtiles) character file.

Game seed: 8031456934459199452, levelgen mode: deterministic

3038 Kohma the Magician (level 9, -3/71 HPs)
             Began as a Gnoll Skald on Oct 7, 2019.
             Was a Priest of Okawaru.
             Killed by divine providence
             ... invoked by an orc priest
              (16 damage)
             ... on level 6 of the Dungeon.
             The game lasted 00:23:14 (6857 turns).

Kohma the Magician (Gnoll Skald)                    Turns: 6857, Time: 00:23:15

Health: -3/71      AC:  9    Str: 16    XL:     9   Next: 86%
Magic:  21/28      EV: 15    Int: 19    God:    Okawaru [***...]
Gold:   375        SH:  0    Dex: 19    Spells: 8/21 levels left

rFire    . . .     SeeInvis .   B - +0 bardiche
rCold    . . .     Gourm    .   (shield currently unavailable)
rNeg     . . .     Faith    .   w - +0 ring mail
rPois    +         Spirit   .   j - +0 helmet "Vialiro" {rPois Int+4 Dex+3}
rElec    .         Reflect  .   k - +1 cloak
rCorr    .         Harm     .   (no gloves)
MR       .....                  (no boots)
Stlth    ++........             t - amulet of regeneration
HPRegen  0.61/turn              x - ring of magical power
MPRegen  0.21/turn              (no ring)

@: very slightly contaminated
A: distributed training, fangs 1, strong nose
a: Heroism, Renounce Religion


You were on level 6 of the Dungeon.
You worshipped Okawaru.
Okawaru was most pleased with you.
You were hungry.

You visited 2 branches of the dungeon, and saw 8 of its levels.
You also visited: Sewer and Ossuary.

You collected 375 gold pieces.

Inventory:

Hand Weapons
 a - a +0 spear
 f - a +1 mace of protection
 r - a +4 dire flail of venom
 y - a +0 mace of holy wrath
 B - a +0 bardiche (weapon)
Missiles
 m - 27 poisoned darts (quivered)
 s - 3 javelins
 u - 2 curare-tipped darts
Armour
 j - the +0 helmet "Vialiro" (worn) {rPois Int+4 Dex+3}
   (You found it on level 4 of the Dungeon)

   It affects your intelligence (+4).
   It affects your dexterity (+3).
   It protects you from poison.
 k - a +1 cloak (worn)
 w - a +0 ring mail (worn)
 D - the +0 chain mail of Articulation {rF+}
   (You found it in a sewer)

   It protects you from fire.
Jewellery
 b - an uncursed ring of ice {unknown}
 t - an amulet of regeneration (around neck)
 x - a ring of magical power (left hand)
 K - an uncursed ring of ice {unknown}
Wands
 q - a wand of digging (4)
 I - a wand of scattershot (7)
Scrolls
 c - 5 scrolls of amnesia
 h - 3 scrolls of enchant weapon
 A - 3 scrolls of remove curse
 E - 2 scrolls of identify
 F - a scroll of blinking {unknown}
 H - a scroll of enchant armour {unknown}
Potions
 e - a potion of invisibility {unknown}
 g - 8 potions of curing
 i - 4 potions of brilliance
 l - 2 potions of mutation {unknown}
 n - 3 potions of might {unknown}
 o - a potion of experience {unknown}
 p - 4 potions of magic {unknown}
 v - a potion of agility {unknown}
 z - a potion of flight {unknown}
 C - 5 potions of heal wounds {unknown}
 G - 2 potions of lignification {unknown}
Comestibles
 d - 11 rations
 J - 5 chunks of flesh


   Skills:
 + Level 6.5 Fighting
 + Level 4.5 Short Blades
 + Level 4.5 Long Blades
 + Level 4.5 Axes
 + Level 4.5 Maces & Flails
 + Level 6.5 Polearms
 + Level 4.5 Staves
 + Level 4.5 Slings
 + Level 4.5 Bows
 + Level 4.5 Crossbows
 + Level 4.5 Throwing
 + Level 5.3 Armour
 + Level 6.5 Dodging
 + Level 4.5 Stealth
 + Level 4.5 Shields
 + Level 4.5 Unarmed Combat
 + Level 6.8 Spellcasting
 + Level 3.7 Conjurations
 + Level 3.7 Hexes
 + Level 6.7 Charms
 + Level 3.7 Summonings
 + Level 3.7 Necromancy
 + Level 3.7 Translocations
 + Level 3.7 Transmutations
 + Level 3.7 Fire Magic
 + Level 3.7 Ice Magic
 + Level 3.7 Air Magic
 + Level 3.7 Earth Magic
 + Level 3.7 Poison Magic
 + Level 5.0 Invocations
 + Level 4.5 Evocations


You had 8 spell levels left.
You knew the following spells:

 Your Spells              Type           Power        Failure   Level  Hunger
a - Infusion              Chrm           ####         1%          1    None
b - Song of Slaying       Chrm           ####....     1%          2    None
c - Shroud of Golubria    Chrm/Tloc      ####..       3%          2    None
d - Regeneration          Chrm/Necr      ####......   6%          3    #......
e - Spectral Weapon       Hex/Chrm       ####....     6%          3    #......
f - Swiftness             Chrm/Air       ####....     3%          2    None

Your spell library contained the following spells:

 Spells                   Type           Power        Failure   Level  Hunger
 Shock                    Conj/Air       ###.         3%          1    None
 Static Discharge         Conj/Air       ###.....     12%         3    #......
 Airstrike                Air            ###.......   36%         4    ###....
 Lightning Bolt           Conj/Air       ###.......   71%         5    #####..


Dungeon Overview and Level Annotations

Branches:
Dungeon (7/15)             Temple (1/1) D:4           Sewer (visited)
Ossuary (visited)

Altars:
Ashenzari
Cheibriados
Elyvilon
Fedhas
Gozag
Kikubaaqudgha
Makhleb
Nemelex Xobeh
Okawaru
Qazlal
Ru
Sif Muna
Trog
Uskayaw
Vehumet
Wu Jian
Yredelemnul
Zin
The Shining One


Innate Abilities, Weirdness & Mutations

Your experience applies equally to all skills.
You have very sharp teeth.
Your uncanny sense of smell can sniff out nearby items.


Message History

You miscast Spectral Weapon.
You are very lightly contaminated with residual magic.
Nothing appears to happen.
You are feeling hungry.
The orc wizard hits you but does no damage.
The orc wizard completely misses you. The orc priest closely misses you.
You slice the orc wizard!!
You kill the orc wizard!
Okawaru accepts your kill.
The orc priest calls down the wrath of Beogh upon you.
Pain shoots through your body!
* * * LOW HITPOINT WARNING * * *
You slash the orc priest!
The orc priest is almost dead.
The orc priest hits you with a +0 hand axe.
* * * LOW HITPOINT WARNING * * *
Your shroud falls apart!
The orc priest invokes the aid of Beogh against you.
Beogh smites you!
You die...

..##.###.#.#####.##.##.#.#
..##.# #.#.# ####.##.#.#
.###.# #.#<# #.##.#.# .#
#.###.#(########.##.#.# .#
#.#...[...............#
.###.#.###.###.###...###.#
..##...# #.# #.# #...# #.#
.......###.###.###.#.###)##
..###.......###)@.##......#
### #..........o.###.####.#
#.#.....###.####.# #.#
#.#..............# #.#
#.#.....##...##### #.#
#.###..##.#.#.## #.# #.#
#..#.##.##.######.#
#.###..............##.#
#........##.##.###.##.#


You could see an orc priest.

Vanquished Creatures
  A hippogriff (D:7)
  Sigmund (D:3)
  Edmund (D:6)
  An orc warrior (D:7)
  A black bear (D:7)
  2 ice beasts
  3 ogres (D:6)
  3 centaurs
  2 big kobolds (Sewer)
  An elf zombie (Ossuary)
  A bullfrog (D:6)
  2 scorpions
  2 centaur zombies
  2 crimson imps (D:5)
  A hound (D:5)
  2 human zombies (Ossuary)
  3 orc priests
  12 orc wizards
  Crazy Yiuf (D:2)
  5 worker ants
  An iguana (D:5)
  A hound zombie (Ossuary)
  3 mummies (Ossuary)
  3 gnolls (D:3)
  15 adders
  8 river rats
  3 shadow imps
  An ooze (D:3)
  6 adder zombies (Ossuary)
  An adder skeleton (D:4)
  8 worms
  A dart slug (D:2)
  2 leopard geckos (D:4)
  27 orcs
  8 bats
  3 giant cockroaches
  2 gnoll zombies (Ossuary)
  4 goblins
  4 hobgoblins
  11 jackals
  4 quokkas
  6 ball pythons
  3 frilled lizards
  2 goblin zombies (Ossuary)
  A hobgoblin zombie (Ossuary)
  7 jackal zombies (Ossuary)
  19 kobolds
  5 kobold zombies (Ossuary)
  A leopard gecko zombie (D:6)
  2 orc zombies (Ossuary)
  A quokka skeleton (D:5)
  2 quokka zombies (Ossuary)
  36 rats
  3 rat zombies (Ossuary)
251 creatures vanquished.

Vanquished Creatures (others)
  An orc (D:7)
  3 spectral weapons (D:6)
4 creatures vanquished.

Grand Total: 255 creatures vanquished

Notes
Turn   | Place    | Note
-------+----------+-------------------------------------------
     0 | D:1      | Kohma the Gnoll Skald began the quest for the Orb.
     0 | D:1      | Reached XP level 1. HP: 20/20 MP: 6/6
   202 | D:1      | Reached XP level 2. HP: 26/26 MP: 7/7
   206 | D:1      | Learned a level 2 spell: Song of Slaying
   209 | D:1      | Learned a level 2 spell: Shroud of Golubria
   894 | D:2      | Reached XP level 3. HP: 28/31 MP: 9/9
   900 | D:2      | Reached skill level 5 in Spellcasting
  1061 | D:2      | Found a glowing golden altar of the Shining One.
  1077 | D:2      | Reached skill level 1 in Invocations
  1129 | D:2      | Reached skill level 1 in Short Blades
  1129 | D:2      | Reached skill level 1 in Long Blades
  1129 | D:2      | Reached skill level 1 in Axes
  1129 | D:2      | Reached skill level 1 in Maces & Flails
  1129 | D:2      | Reached skill level 1 in Staves
  1129 | D:2      | Reached skill level 1 in Slings
  1129 | D:2      | Reached skill level 1 in Bows
  1129 | D:2      | Reached skill level 1 in Crossbows
  1129 | D:2      | Reached skill level 1 in Throwing
  1129 | D:2      | Reached skill level 1 in Stealth
  1129 | D:2      | Reached skill level 1 in Shields
  1129 | D:2      | Reached skill level 1 in Unarmed Combat
  1129 | D:2      | Reached skill level 1 in Evocations
  1174 | D:2      | Found a runed translucent door.
  1175 | D:2      | Noticed Crazy Yiuf
  1182 | D:2      | Learned a level 3 spell: Regeneration
  1186 | D:2      | Learned a level 3 spell: Spectral Weapon
  1198 | D:2      | Killed Crazy Yiuf
  1198 | D:2      | Reached XP level 4. HP: 9/38 MP: 3/11
  1557 | D:2      | Reached skill level 1 in Conjurations
  1557 | D:2      | Reached skill level 1 in Hexes
  1557 | D:2      | Reached skill level 1 in Summonings
  1557 | D:2      | Reached skill level 1 in Necromancy
  1557 | D:2      | Reached skill level 1 in Translocations
  1557 | D:2      | Reached skill level 1 in Transmutations
  1557 | D:2      | Reached skill level 1 in Fire Magic
  1557 | D:2      | Reached skill level 1 in Ice Magic
  1557 | D:2      | Reached skill level 1 in Air Magic
  1557 | D:2      | Reached skill level 1 in Earth Magic
  1557 | D:2      | Reached skill level 1 in Poison Magic
  1588 | D:2      | Found a bloodstained altar of Trog.
  1799 | D:2      | Reached XP level 5. HP: 40/43 MP: 12/12
  2292 | D:3      | Noticed Sigmund
  2307 | D:3      | Killed Sigmund
  2307 | D:3      | Reached skill level 5 in Fighting
  2307 | D:3      | Reached skill level 5 in Polearms
  2307 | D:3      | Reached skill level 5 in Dodging
  2307 | D:3      | Reached XP level 6. HP: 39/51 MP: 7/14
  2402 | D:3      | Found an ornate altar of the Wu Jian Council.
  2708 | D:3      | HP: 1/51 [orc priest/divine providence (8)]
  2710 | D:3      | Reached XP level 7. HP: 2/56 MP: 15/15
  2820 | D:3      | Found a sparkling altar of Nemelex Xobeh.
  3159 | D:4      | Found a staircase to the Ecumenical Temple.
  3165 | Temple   | Entered the Ecumenical Temple
  3180 | Temple   | Became a worshipper of Warmaster Okawaru
  3605 | D:4      | Got a dazzling helmet
  3611 | D:4      | Identified the +0 helmet "Vialiro" {rPois Int+4 Dex+3} (You
                  | found it on level 4 of the Dungeon)
  3681 | D:4      | Learned a level 2 spell: Swiftness
  4234 | D:5      | Entered Level 5 of the Dungeon
  4243 | D:5      | Reached * piety under Okawaru
  4243 | D:5      | Reached XP level 8. HP: 63/63 MP: 16/16
  4635 | D:5      | Found a blossoming altar of Fedhas.
  4735 | D:5      | Found a glowing drain.
  4742 | Sewer    | Entered a sewer
  4823 | Sewer    | Reached ** piety under Okawaru
  5093 | Sewer    | Got a heavily runed chain mail
  5113 | Sewer    | Identified the +0 chain mail of Articulation {rF+} (You
                  | found it in a sewer)
  5734 | D:6      | Found a sand-covered staircase.
  5734 | D:6      | Noticed Edmund
  5764 | D:6      | Reached XP level 9. HP: 21/69 MP: 17/18
  5873 | D:6      | Killed Edmund
  5902 | Ossuary  | Entered an ossuary
  6350 | D:6      | Found a stormy altar of Qazlal.
  6384 | D:6      | Reached *** piety under Okawaru
  6471 | D:6      | Reached skill level 5 in Armour
  6839 | D:7      | Reached skill level 5 in Invocations
  6857 | D:6      | Killed from afar by an orc priest

Levels and vault maps discovered:
D:1:      minmay_arrival_loop, layout_loops_corners, st_stairs_8,
          minmay_rat_gold_closets
D:2:      layout_basic, marbit_many_paths, tso_altar, uniq_crazy_yiuf_cottage
D:3:      layout_basic, nemelex_xobeh_ov_fountains_minmay,
          nicolae_overflow_crystal_walls, first_ration, uniq_sigmund
D:4:      layout_layer_cave, minmay_temple_entry_enclosed_plants,
          minmay_misc_feat_encased, corexii_leaking_fountain,
          minmay_a_box_with_orc_wizards_in_it
D:5:      layout_basic, fedhas_altar_3, lightli_sewer_entry_pipes,
          minmay_misc_feat_five, minmay_misc_feat_tower
D:6:      layout_loops_ring, enter_ossuary_1, nrook_campfire,
          nicolae_qazlal_eye_of_the_storm, uniq_edmund
D:7:      layout_rooms, nicolae_overflow_hidden_temple, uniq_harold
Temple:   dshaligram_water_room_temple

Skill      XL: |  1  2  3  4  5  6  7  8  9 |
---------------+----------------------------+-----
Spellcasting   | 5 6 |  6.8
Invocations    | 1 2 3 4 5 |  5.0
Short Blades   | 1 2 3 4 |  4.5
Long Blades    | 1 2 3 4 |  4.5
Axes           | 1 2 3 4 |  4.5
Maces & Flails | 1 2 3 4 |  4.5
Staves         | 1 2 3 4 |  4.5
Slings         | 1 2 3 4 |  4.5
Bows           | 1 2 3 4 |  4.5
Crossbows      | 1 2 3 4 |  4.5
Throwing       | 1 2 3 4 |  4.5
Stealth        | 1 2 3 4 |  4.5
Shields        | 1 2 3 4 |  4.5
Unarmed Combat | 1 2 3 4 |  4.5
Evocations     | 1 2 3 4 |  4.5
Conjurations   | 1 2 3 |  3.7
Hexes          | 1 2 3 |  3.7
Summonings     | 1 2 3 |  3.7
Necromancy     | 1 2 3 |  3.7
Translocations | 1 2 3 |  3.7
Transmutations | 1 2 3 |  3.7
Fire Magic     | 1 2 3 |  3.7
Ice Magic      | 1 2 3 |  3.7
Air Magic      | 1 2 3 |  3.7
Earth Magic    | 1 2 3 |  3.7
Poison Magic   | 1 2 3 |  3.7
Armour         | 3 4 5 |  5.3
Fighting       | 5 6 |  6.5
Polearms       | 5 6 |  6.5
Dodging        | 5 6 |  6.5
Charms         | 6 |  6.7

Action                   |  1- 3 |  4- 6 |  7- 9 || total
-------------------------+-------+-------+-------++-------
Melee: Mace              |    90 |   139 |   237 ||   466
       Bite              |    11 |    21 |    56 ||    88
       Spear             |     1 |       |       ||     1
       Punch             |       |     1 |     1 ||     2
       Bardiche          |       |       |   301 ||   301
 Cast: Shroud of Golubri |     2 |     7 |    23 ||    32
       Song of Slaying   |     2 |     5 |    17 ||    24
       Spectral Weapon   |     1 |     8 |    38 ||    47
       Regeneration      |       |     1 |     6 ||     7
  Use: Scroll            |       |       |    10 ||    10
 Stab: Sleeping          |     2 |       |     3 ||     5
       Distracted        |       |       |     1 ||     1
  Eat: Chunk             |     1 |     6 |    17 ||    24
Armor: Leather armour    |    34 |    17 |       ||    51
       Ring mail         |       |    70 |   290 ||   360
       Chain mail        |       |       |    29 ||    29
Dodge: Dodged            |    95 |   168 |   668 ||   931

Table legend:
 A = Non-vault XP
 B = Vault XP
 C = Vault XP percentage of total XP
 D = Non-vault monster count
 E = Vault monster count
 F = Vault count percentage of total count
                 A         B        C        D         E       F
            +---------+---------+-------+---------+---------+-------
      Total |    2951 |    1390 |  32.0 |     135 |     116 |  46.2
            +---------+---------+-------+---------+---------+-------
        D:1 |       9 |      10 |  52.6 |       6 |      10 |  62.5
        D:2 |     117 |      44 |  27.3 |      22 |       2 |   8.3
        D:3 |     278 |     227 |  45.0 |      36 |       1 |   2.7
        D:4 |     254 |     167 |  39.7 |      14 |       5 |  26.3
        D:5 |     732 |      67 |   8.4 |      23 |      11 |  32.4
        D:6 |    1050 |     169 |  13.9 |      31 |       1 |   3.1
        D:7 |     511 |       0 |   0.0 |       3 |       0 |   0.0
      Sewer |       0 |     336 | 100.0 |       0 |      48 | 100.0
    Ossuary |       0 |     370 | 100.0 |       0 |      38 | 100.0
            +---------+---------+-------+---------+---------+-------
